 Dungeon Crawl Stone Soup version 0.25.0-37-gb73750e0fb (webtiles) character file.

Game seed: 12144012714520537474

1327 Milting the Chopper (level 8, -3/73 HPs)
             Began as a Hill Orc Fighter on July 9, 2020.
             Slain by a vampire (5 damage)
             ... on level 6 of the Dungeon.
             The game lasted 00:27:28 (5766 turns).

Milting the Chopper (Hill Orc Fighter)              Turns: 5766, Time: 00:27:28

Health: -3/73      AC: 13    Str: 21    XL:     8   Next: 60%
Magic:  17/17      EV:  6    Int:  8    God:
Gold:   226        SH: 10    Dex: 10    Spells: 7/7 levels left

rFire    . . .     SeeInvis .   v - +2 war axe (vorpal)
rCold    . . .     Gourm    .   c - +0 kite shield
rNeg     . . .     Faith    .   u - +0 chain mail
rPois    .         Spirit   .   (no helmet)
rElec    .         Reflect  .   j - scarf {+Inv}
rCorr    .         Harm     .   D - +1 pair of gloves
MR       .....                  m - +0 pair of boots
Stlth    ..........             (no amulet)
HPRegen  0.22/turn              F - ring of magical power
MPRegen  0.15/turn              (no ring)

@: no status effects
A: no striking features
a: Evoke Invisibility


You were on level 6 of the Dungeon.
You were very hungry.

You visited 2 branches of the dungeon, and saw 8 of its levels.

You collected 226 gold pieces.

Inventory:

Hand Weapons
 a - a +0 war axe
 v - a +2 vorpal war axe (weapon)
 w - a +0 hand axe
Missiles
 n - 3 throwing nets (quivered)
Armour
 b - a +0 scale mail
 c - a +0 kite shield (worn)
 j - a scarf of invisibility (worn)
 m - a +0 pair of boots (worn)
 u - a +0 chain mail (worn)
 A - a +0 ring mail
 D - a +1 pair of gloves (worn)
 K - a cursed +0 chain mail
Magical Staves
 I - an uncursed staff of conjuration {unknown}
Jewellery
 C - an uncursed amulet of inaccuracy
 F - a ring of magical power (left hand)
 H - an uncursed ring of see invisible {unknown}
Wands
 y - a wand of paralysis (10)
 G - a wand of clouds (5)
Scrolls
 e - 2 scrolls of teleportation {unknown}
 h - 10 scrolls of identify
 o - a scroll of magic mapping
 p - 3 scrolls of blinking {unknown}
 r - 2 scrolls of amnesia {unknown}
 t - 2 scrolls of fear {unknown}
 E - a scroll of fog {unknown}
Potions
 d - 3 potions of might
 g - 3 potions of lignification {unknown}
 i - a potion of cancellation {unknown}
 k - a potion of ambrosia {unknown}
 l - a potion of stabbing {unknown}
 q - 3 potions of flight {unknown}
 s - a potion of heal wounds {unknown}
 x - 2 potions of brilliance {unknown}
 z - 4 potions of curing {unknown}
 B - a potion of invisibility {unknown}
Comestibles
 f - 15 rations


   Skills:
 * Level 7.1 Fighting
 * Level 7.1 Axes
 * Level 6.4 Armour
 * Level 6.4 Shields


You had 7 spell levels left.
You didn't know any spells.
Your spell library contained the following spells:

 Spells                   Type           Power        Failure   Level  Hunger
 Foxfire                  Conj/Fire      #...         100%        1    ##.....
 Sting                    Tmut/Pois      #...         100%        1    ##.....
 Poisonous Vapours        Pois/Air       #.....       100%        2    ###....
 Ignite Poison            Fire/Tmut/Pois #.......     100%        3    ####...
 Mephitic Cloud           Conj/Pois/Air  #.......     100%        3    ####...
 Recall                   Summ/Tloc      N/A          100%        3    ####...
 Olgreb's Toxic Radiance  Pois           #.......     100%        4    #####..
 Bolt of Magma            Conj/Fire/Erth #.........   100%        5    ######.
 Fireball                 Conj/Fire      #.........   100%        5    ######.
 Summon Forest            Summ/Tloc      #.........   100%        5    ######.


Dungeon Overview and Level Annotations

Branches:
Dungeon (7/15)             Temple (1/1) D:6

Altars:
Ashenzari
Cheibriados
Dithmenos
Elyvilon
Gozag
Hepliaklqana
Kikubaaqudgha
Makhleb
Nemelex Xobeh
Okawaru
Ru
Sif Muna
Trog
Uskayaw
Vehumet
Wu Jian
Xom
Zin
The Shining One

Shops:
D:6 (

Annotations:
D:6 2 transporters


Message History

* * * LOW HITPOINT WARNING * * *
Something draws strength from your injuries!
You hit something but do no damage. You block something's attack.
Something bites you but does no damage. Something hits you but does no damage.
Something bites you.
* * * LOW HITPOINT WARNING * * *
Something draws strength from your injuries!
You climb upwards.
Level annotation: 2 transporters Reactivating autopickup.
There is a stone staircase leading down here.
Aiming: Cloud Cone
Press: ? - help, Dir - move target cursor, f - you That would be overly suicidal.
Okay, then.
You can't go up here!
Something hits you but does no damage.
Deactivating autopickup; reactivate with Ctrl-A.
Something bites you.
You die...

##### #####.# ....#
#...#.# ....# #.#.#.#
....# #.#.#.# ....#
#.#.#.# ....# #.#.#.#
....# #.#.#.#
....############.#.#.#
................@{.#.#
....####.......###.#.#
##### #...>P.##
#.#.############ #
#......#
#.#...........<. #
##.....#
#.############## #
####### #.# # #.# #
#.# # ###### #.#


There were no monsters in sight!

Vanquished Creatures
  A hungry ghost (D:7)
  An ice beast (D:7)
  A black bear (D:5)
  An ogre (D:6)
  2 bullfrogs
  2 scorpions
  A howler monkey (D:7)
  2 crimson imps
  2 hounds
  An orc priest (D:5)
  A centaur skeleton (D:5)
  3 orc wizards
  Jessica (D:3)
  Natasha (thrice) (D:4)
  3 worker ants
  8 gnolls
  5 adders
  An ooze (D:2)
  4 adder skeletons
  A worm (D:2)
  A dart slug (D:1)
  5 leopard geckos
  8 orcs
  2 giant cockroaches
  5 hobgoblins
  5 jackals
  4 quokkas
  A ball python (D:2)
  4 bats
  4 frilled lizards
  4 goblins
  7 kobolds
  A leopard gecko skeleton (D:7)
  11 rats
106 creatures vanquished.

Vanquished Creatures (others)
  A hobgoblin (D:3)
  A kobold (D:3)
2 creatures vanquished.

Grand Total: 108 creatures vanquished

Notes
Turn   | Place    | Note
-------+----------+-------------------------------------------
     0 | D:1      | Milting the Hill Orc Fighter began the quest for the Orb.
     0 | D:1      | Reached XP level 1. HP: 19/19 MP: 1/1
   310 | D:1      | Reached XP level 2. HP: 26/27 MP: 2/2
   868 | D:2      | Reached XP level 3. HP: 33/33 MP: 3/3
  1490 | D:2      | Found a white marble altar of Elyvilon.
  1578 | D:2      | Found a hazy altar of Hepliaklqana.
  1906 | D:3      | Noticed Jessica
  1919 | D:3      | Killed Jessica
  1919 | D:3      | Reached XP level 4. HP: 35/41 MP: 4/4
  2027 | D:3      | Reached XP level 5. HP: 41/47 MP: 5/5
  2419 | D:3      | Found an ornate altar of the Wu Jian Council.
  2655 | D:4      | Noticed Natasha
  2666 | D:4      | Killed Natasha
  2728 | D:4      | Found a glowing silver altar of Zin.
  2734 | D:4      | Identified Sif Muna's Guide on the Quantum Volcanoes
  2828 | D:4      | Reached skill level 5 in Fighting
  2832 | D:4      | Reached XP level 6. HP: 29/56 MP: 6/6
  2958 | D:4      | Noticed Natasha
  2968 | D:4      | Killed Natasha
  2974 | D:4      | Noticed Natasha
  2979 | D:4      | Killed Natasha
  3349 | D:5      | Entered Level 5 of the Dungeon
  3370 | D:5      | Reached skill level 5 in Axes
  3724 | D:5      | Reached skill level 5 in Shields
  3741 | D:5      | Found an opulent altar of Gozag.
  3760 | D:5      | Reached skill level 5 in Armour
  3760 | D:5      | Reached XP level 7. HP: 61/61 MP: 7/7
  4178 | D:6      | Found a transporter.
  4243 | D:6      | Found a transporter.
  4244 | D:6      | Noticed a hungry ghost
  4253 | D:6      | Found a shattered altar of Ashenzari.
  4320 | D:6      | Found Apsalog's Weapon Boutique.
  4629 | D:6      | Found a staircase to the Ecumenical Temple.
  4669 | Temple   | Entered the Ecumenical Temple
  4946 | D:6      | Reached XP level 8. HP: 71/71 MP: 8/8
  5163 | D:7      | Found an iron altar of Okawaru.
  5373 | D:7      | Noticed a vampire
  5409 | D:7      | HP: 3/73 [poisoned by a vampire]
  5414 | D:7      | HP: 2/73 [poisoned by a vampire]
  5422 | D:6      | HP: 2/73 [poisoned by a vampire]
  5764 | D:7      | HP: 1/73 [something (3)]
  5766 | D:6      | Slain by a vampire

Illustrated notes

Levels and vault maps discovered:
D:1:      dpeg_arrival_ratfight, layout_rooms
D:2:      layout_loops_ring, lemuel_doored_altar, marbit_many_paths,
          first_ration, serial_forest, infiniplex_forest_lined_4_way,
          infiniplex_forest_clump_small, infiniplex_forest_3_way,
          infiniplex_forest_lined_room_2, infiniplex_forest_end_2,
          infiniplex_forest_clump_cross, infiniplex_forest_end_2
D:3:      layout_rooms, nicolae_overflow_crystal_walls, lemuel_flame_loot_1,
          uniq_jessica
D:4:      layout_basic, zin_academy, uniq_natasha
D:5:      layout_gridville, grunt_gozag_breadcrumbs
D:6:      layout_basic, gammafunk_temple_overflow_arena,
          minmay_temple_entry_overgrown, serial_shops, kennysheep_little_box
D:7:      layout_loops_ring, kennysheep_okawaru_gauntlet
Temple:   nicolae_temple_god_jail

Skill      XL: |  1  2  3  4  5  6  7  8 |
---------------+-------------------------+-----
Axes           | 3 4 5 6 7 |  7.1
Fighting       | 4 5 6 7 |  7.1
Shields        | 4 5 6 |  6.4
Armour         | 4 5 6 |  6.4

Action                   |  1- 3 |  4- 6 |  7- 9 || total
-------------------------+-------+-------+-------++-------
Melee: War axe           |    88 |   108 |   115 ||   311
  Use: Scroll            |       |       |     3 ||     3
  Eat: Chunk             |     3 |     6 |     7 ||    16
Armor: Scale mail        |    36 |    49 |       ||    85
       Chain mail        |       |    34 |    80 ||   114
Dodge: Dodged            |    23 |    42 |    32 ||    97
Block: Kite shield       |    44 |    58 |    72 ||   174
